 Dungeon Crawl Stone Soup version 0.29.1-12-g30fa7ad0bf (webtiles) character file.

Game seed: 4181771110869824223

67 fishmans the Cudgeller (level 4, -8/28 HPs)
             Began as a Gargoyle Fighter on Jan 9, 2023.
             Killed by divine providence
             ... invoked by an orc priest
              (12 damage)
             ... on level 3 of the Dungeon on Jan 10, 2023.
             The game lasted 00:08:38 (2439 turns).

fishmans the Cudgeller (Gargoyle Fighter)           Turns: 2439, Time: 00:08:39

Health: -8/28      AC: 16    Str: 22    XL:     4   Next: 16%
Magic:  4/4        EV:  7    Int:  8    God:
Gold:   174        SH:  5    Dex: 15    Spells: 3/3 levels left

rFire   . . .      SeeInvis .   a - +0 flail
rCold   . . .      Faith    .   c - +0 buckler
rNeg    + . .      Spirit   .   r - +0 chain mail
rPois   ∞          Reflect  .   (no helmet)
rElec   +          Harm     .   (no cloak)
rCorr   .          Rampage  .   (no gloves)
Will    .....                   (no boots)
Stlth   ..........              (no amulet)
HPRegen 0.09/turn               l - +4 ring of protection
MPRegen 0.09/turn               p - +6 ring of dexterity

@: no status effects
A: sickness immunity, AC +3, negative energy resistance 1, electricity
resistance, torment resistance 1, petrification resistance
a: no special abilities


You were on level 3 of the Dungeon.
You visited 1 branch of the dungeon, and saw 3 of its levels.

You collected 174 gold pieces.

Inventory:

Hand Weapons
 a - a +0 flail (weapon)
Missiles
 n - 9 boomerangs
 o - 6 poisoned darts (quivered)
Armour
 c - a +0 buckler (worn)
 r - a +0 chain mail (worn)
Jewellery
 l - a +4 ring of protection (left hand)
 p - a +6 ring of dexterity (right hand)
Wands
 b - a wand of polymorph (2)
Scrolls
 e - a scroll of fear
 f - a scroll of teleportation
 i - a scroll of magic mapping
 k - 2 scrolls of identify
 m - a scroll of fog {unknown}
Potions
 d - a potion of might
 h - 2 potions of mutation {unknown}
 j - a potion of berserk rage


   Skills:
 - Level 3.2 Fighting
 + Level 4.3 Maces & Flails
 - Level 3.2 Armour
 - Level 3.2 Shields


You had 3 spell levels left.
You didn't know any spells.
Your spell library contained the following spells:

 Spells                   Type           Power      Damage    Failure   Level
 Apportation              Tloc           0%         N/A       99%         1
 Necrotise                Necr           0%         1d4       99%         1
 Summon Small Mammal      Summ           0%         N/A       99%         1
 Wereblood                Tmut           0%         N/A       100%        2
 Portal Projectile        Hex/Tloc       0%         N/A       100%        3
 Tukima's Dance           Hex            0%         N/A       100%        3
 Blade Hands              Tmut           0%         N/A       100%        5
 Summon Hydra             Summ           0%         N/A       100%        7
 Sublimation of Blood     Necr           Unusable   N/A       N/A         2

Dungeon Overview and Level Annotations

Branches:
Dungeon (3/15)

Altars:


Innate Abilities, Weirdness & Mutations

You are immune to sickness and miasma.
Your stone body is resilient. (AC +3)
You are immune to poison.
You resist negative energy. (rN+)
You are resistant to electric shocks. (rElec)
You are resistant to unholy torment.
You are immune to petrification.


Message History

Beogh smites you!
You hit the orc priest.
The orc priest is moderately wounded.
The orc priest hits you but does no damage.
The orc priest invokes the aid of Beogh against you.
Pain shoots through your body!
* * * LOW HITPOINT WARNING * * *
You hit the orc priest but do no damage.
The orc priest is moderately wounded.
The orc priest hits you but does no damage.
You hit the orc priest.
The orc priest is heavily wounded.
You block the orc priest's attack.
You closely miss the orc priest.
The orc priest is heavily wounded.
You block the orc priest's attack.
You hit the orc priest but do no damage.
The orc priest is heavily wounded.
The orc priest hits you with a +0 mace.
* * * LOW HITPOINT WARNING * * *
You barely miss the orc priest.
The orc priest is heavily wounded.
The orc priest casts a cantrip, but nothing happens.
The orc priest hits you but does no damage.
You hit the orc priest.
The orc priest is almost dead.
You block the orc priest's attack.
You closely miss the orc priest.
The orc priest is almost dead.
The orc priest invokes the aid of Beogh against you.
You are unaffected.
You barely miss the orc priest.
The orc priest is almost dead.
The orc priest completely misses you.
You barely miss the orc priest.
The orc priest is almost dead.
You block the orc priest's attack.
The orc priest mumbles some strange prayers to Beogh against you.
Beogh smites you!
You die...

#.#.##....##....#...........#
#.#.#####.##....#........##.#
#.#.# #.##....#...###..#..#
#.### #.##....#.....#..#..###
#.#######..#....#..............
..............).#.#.........###
........#.....#.#.#.#.....#
........#.....#o....#.#...#
########......@.####.....####
#.##...#.#8........^.#
#.###..#.#^#.......#^# #####
#.#....(<#...........# ....#
#†#.#....###.##_##.### ###.#
#.......##8.. #.#..^8# # #.#
###.#....######.######
###.########........###.#.##.#
##...........##..#...........#


You could see an orc priest.

Vanquished Creatures
  A dart slug (D:1)
  3 orcs (D:2)
  3 ball pythons
  4 endoplasms
  4 giant cockroaches
  8 goblins
  2 hobgoblins
  3 jackals (D:1)
  3 quokkas (D:2)
  11 bats
  A frilled lizard (D:2)
  7 kobolds
  4 rats
54 creatures vanquished.

Notes
Turn   | Place    | Note
-------+----------+-------------------------------------------
     0 | D:1      | fishmans the Gargoyle Fighter began the quest for the Orb.
     0 | D:1      | Reached XP level 1. HP: 14/14 MP: 1/1
   210 | D:1      | Reached XP level 2. HP: 19/19 MP: 2/2
   307 | D:1      | Reached skill level 3 in Maces & Flails
   830 | D:1      | Reached XP level 3. HP: 23/23 MP: 3/3
  1655 | D:2      | Reached skill level 4 in Maces & Flails
  1877 | D:3      | Found a faded altar of an unknown god.
  1973 | D:3      | Reached XP level 4. HP: 27/28 MP: 4/4
  2439 | D:3      | Killed from afar by an orc priest

Illustrated notes

Levels and vault maps discovered:
D:1:      minmay_arrival_jagged, layout_basic
D:2:      layout_rooms, minmay_randomly_rotated_circles
D:3:      layout_basic, shapermc_ecumenical_altar_mp_highgroup

Skill      XL: |  1  2  3 |
---------------+----------+-----
Maces & Flails | 3 4 |  4.3
Fighting       | |  3.2
Armour         | |  3.2
Shields        | |  3.2

Action                   |  1- 3 |  4- 6 || total
-------------------------+-------+-------++-------
Melee: Flail             |   136 |    36 ||   172
  Use: Scroll            |     7 |       ||     7
       Potion            |       |     1 ||     1
Armor: Scale mail        |    73 |       ||    73
       Chain mail        |    22 |    22 ||    44
Dodge: Dodged            |    56 |     8 ||    64
Block: Buckler           |    31 |    19 ||    50
